 Dungeon Crawl Stone Soup version 0.29-a0-474-gdfe5cd140f (webtiles) character file.

Game seed: 1212786753197000193

4 spaghetti the Skirmisher (level 1, 0/18 HPs)
             Began as a Mummy Fighter on May 23, 2022.
             Slain by a hobgoblin (2 damage)
             ... on level 1 of the Dungeon.
             The game lasted 00:00:21 (149 turns).

spaghetti the Skirmisher (Mummy Fighter)             Turns: 149, Time: 00:00:22

Health: 0/18       AC:  6    Str: 19    XL:     1   Next: 50%
Magic:  1/1        EV:  9    Int:  7    God:
Gold:   0          SH:  4    Dex: 11    Spells: 0/0 levels left

rFire   x . .      SeeInvis .     - Unarmed
rCold   + . .      Faith    .   b - +0 buckler
rNeg    + + +      Spirit   .   a - +0 scale mail
rPois   ∞          Reflect  .   (no helmet)
rElec   .          Harm     .   (no cloak)
rCorr   .          Rampage  .   (no gloves)
Will    .....                   (no boots)
Stlth   ..........              (no amulet)
HPRegen 0.06/turn               (no ring)
MPRegen 0.07/turn               (no ring)

@: no status effects
A: cold resistance 1, negative energy resistance 3, torment resistance 2, heat
vulnerability 1, no potions
a: no special abilities


You were on level 1 of the Dungeon.
You visited 1 branch of the dungeon, and saw 1 of its levels.


Innate Abilities, Weirdness & Mutations

You are immune to poison.
Your flesh is cold resistant. (rC+)
You are immune to negative energy. (rN+++)
You are immune to unholy pain and torment.
You are vulnerable to heat. (rF-)
You do not drink.


   Skills:
 + Level 3.0 Fighting
 + Level 2.4 Armour
 + Level 2.4 Shields
 + Level 1.6 Unarmed Combat


You couldn't memorise any spells.
You didn't know any spells.
Your spell library was empty.

Inventory:

Hand Weapons
 c - a +0 dagger {short}
   (You took it off a goblin on level 1 of the Dungeon)
 d - a +0 club {mace}
   (You took it off a goblin on level 1 of the Dungeon)
Armour
 a - a +0 scale mail (worn)
 b - a +0 buckler (worn)

Dungeon Overview and Level Annotations

Branches:
Dungeon (1/15)

Altars:

#.#............#
#..†....#####....#
###...........####
##...#####..#
###.#... #.##.##
#.#(J!# #.##g##..#
#..@.....#
###......#
########


You could see an endoplasm and a hobgoblin.


Message History

You hit the frilled lizard. The frilled lizard bites you. 😮 HP[-2]
You take 2 damage, and now have 13/18 hp.
You closely miss the frilled lizard.
You block the frilled lizard's attack. 😕 HP[+1]
You hit the frilled lizard.
You kill the frilled lizard!
You start resting.
A goblin comes into view. It is wielding a +0 dagger. 😕 HP[+1]
A goblin is nearby!
A goblin is nearby!
A goblin is nearby!
A goblin is nearby!
You are too injured to fight recklessly!
The goblin shouts!
You closely miss the goblin. The goblin closely misses you.
You hit the goblin but do no damage. The goblin closely misses you.
You hit the goblin.
You kill the goblin!
c - a +0 dagger {short}
d - a +0 club {mace} You see here a goblin corpse. 😎 HP[+3]
Your hp is fully restored (18).
An endoplasm and a kobold come into view.
The endoplasm quivers.
The kobold shouts!
There are monsters nearby!
There are monsters nearby!
There are monsters nearby!
A hobgoblin comes into view.
The hobgoblin shouts!
You hit the kobold but do no damage. You barely miss the kobold.
The kobold hits you but does no damage.
You hit the kobold.
You kill the kobold!
The hobgoblin closely misses you.
You closely miss the hobgoblin. You block the hobgoblin's attack.
The endoplasm freezes you.
You are frozen.
You resist. 😕 HP[-1]
You take 1 damage, and now have 17/18 hp.
You are too injured to fight recklessly!
You are too injured to fight recklessly!
You are too injured to fight recklessly!
You are too injured to fight recklessly!
You are too injured to fight recklessly!
You are too injured to fight recklessly!
You are too injured to fight recklessly!
You are too injured to fight recklessly!
You are too injured to fight recklessly!
You are too injured to fight recklessly!
You are too injured to fight recklessly!
You are too injured to fight recklessly!
You are too injured to fight recklessly!
You are too injured to fight recklessly!
You are too injured to fight recklessly!
You are too injured to fight recklessly!
You hit the hobgoblin. The hobgoblin closely misses you.
The endoplasm hits you but does no damage.
You barely miss the hobgoblin. The hobgoblin hits you.
The endoplasm freezes you.
You are frozen.
You resist. 😮 HP[-5]
You take 5 damage, and now have 12/18 hp.
MASSIVE DAMAGE!! (PAUSE) Unknown command.
You hit the hobgoblin but do no damage. You block the hobgoblin's attack.
The endoplasm hits you but does no damage.
You barely miss the hobgoblin. The hobgoblin barely misses you.
The endoplasm freezes you.
You are frozen.
You resist. 😮 HP[-1]
You take 1 damage, and now have 11/18 hp.
You closely miss the hobgoblin. The hobgoblin hits you.
* * * LOW HITPOINT WARNING * * *
The endoplasm barely misses you. 😨 HP[-2]
You take 2 damage, and now have 9/18 hp.
Unknown command.
The endoplasm attacks as you move away! You block the endoplasm's attack.
You closely miss the hobgoblin.
The hobgoblin hits you but does no damage.
You hit the hobgoblin but do no damage. The hobgoblin hits you.
* * * LOW HITPOINT WARNING * * *
😨 HP[-4]
You take 4 damage, and now have 5/18 hp.
MASSIVE DAMAGE!! (PAUSE) Unknown command.
You hit the hobgoblin but do no damage. The hobgoblin hits you.
* * * LOW HITPOINT WARNING * * *
😱 HP[-4]
You take 4 damage, and now have 1/18 hp.
MASSIVE DAMAGE!! (PAUSE)
You aren't carrying any scrolls.
You can't drink.
You hit the hobgoblin but do no damage. The hobgoblin barely misses you.
You completely miss the hobgoblin. The hobgoblin hits you.
You die...

Action                   || total
-------------------------++-------
Melee: Unarmed           ||    26
Armor: Scale mail        ||     8
Dodge: Dodged            ||     9
Block: Buckler           ||     4

Levels and vault maps discovered:
D:1:      minmay_arrival_doors, layout_loops_ring, serial_shops,
          nicolae_shop_bloodbath_and_beyond,
          shapermc_ecumenical_altar_mp_vishouse, minmay_split_cup_small

Notes
Turn   | Place    | Note
-------+----------+-------------------------------------------
     0 | D:1      | spaghetti the Mummy Fighter began the quest for the Orb.
     0 | D:1      | Reached XP level 1. HP: 18/18 MP: 1/1
     0 | D:1      | magus.rc [v1.9.6]
   147 | D:1      | HP: 1/18 [hobgoblin (4)]
   149 | D:1      | Slain by a hobgoblin

Vanquished Creatures
  2 goblins (D:1)
  A kobold (D:1)
  A frilled lizard (D:1)
4 creatures vanquished.

Table legend:
 A = Non-vault XP
 B = Vault XP
 C = Vault XP percentage of total XP
 D = Non-vault monster count
 E = Vault monster count
 F = Vault count percentage of total count
                 A         B        C        D         E       F
            +---------+---------+-------+---------+---------+-------
      Total |       4 |       2 |  33.3 |       3 |       1 |  25.0
            +---------+---------+-------+---------+---------+-------
        D:1 |       4 |       2 |  33.3 |       3 |       1 |  25.0
            +---------+---------+-------+---------+---------+-------

Illustrated notes

Table legend:
 A = Kills in this place as a percentage of kills in entire the game.
 B = Kills by you in this place as a percentage of kills by you in the entire game.
 C = Kills by friends in this place as a percentage of kills by friends in the entire game.
 D = Other kills in this place as a percentage of other kills in the entire game.
 E = Experience gained in this place as a percentage of experience gained in the entire game.
 F = Experience gained in this place divided by the number of levels of this place that you have seen.
                   A       B       C       D       E      F
               +-------+-------+-------+-------+-------+----------------------
         Total | 100.0 | 100.0 |   N/A |   N/A | 100.0 |   6.0
       Dungeon | 100.0 | 100.0 |   N/A |   N/A | 100.0 |   6.0
               +-------+-------+-------+-------+-------+----------------------

Table legend: (Time is in decaauts)
 A = Elapsed time spent in this place.
 B = Non-inter-level travel time spent in this place.
 C = Inter-level travel time spent in this place.
 D = Time resting spent in this place.
 E = Time spent auto-exploring this place.
 F = Levels seen in this place.
 G = Mean time per level.
                   A        B        C        D        E       F      G
               +--------+--------+--------+--------+--------+-----+--------+
         Total |    149 |    149 |      0 |     17 |     89 |   1 |  149.0 |
       Dungeon |    149 |    149 |      0 |     17 |     89 |   1 |  149.0 |
               +--------+--------+--------+--------+--------+-----+--------+

Top non-repeatable levels by time:
     D:1: 149 daAuts
